 Dungeon Crawl Stone Soup version 0.23.2-40-g277498a001 (webtiles) character file.

Game seed: 16675301027909371452

935 Exodus22XD the Conjurer (level 7, -8/36 HPs)
             Began as a Deep Elf Wizard on Aug 30, 2019.
             Was an Initiate of Ashenzari.
             Killed by divine providence
             ... invoked by an orc priest
              (17 damage)
             ... on level 5 of the Dungeon.
             The game lasted 00:18:28 (5267 turns).

Exodus22XD the Conjurer (Deep Elf Wizard)           Turns: 5267, Time: 00:18:28

Health: -8/36      AC:  7    Str:  4    XL:     7   Next: 87%
Magic:  1/18       EV: 13    Int: 25    God:    Ashenzari [......]
Gold:   165        SH:  0    Dex: 13    Spells: 8/18 levels left

rFire    x . .     SeeInvis .   p - +2 dagger (venom) (curse)
rCold    + . .     Gourm    .   (no shield)
rNeg     . . .     Faith    .   a - +0 robe
rPois    .         Spirit   .   b - +0 hat
rElec    .         Reflect  .   o - +0 cloak
rCorr    .         Harm     .   y - +0 pair of gloves
MR       .....                  B - +0 pair of boots (curse)
Stlth    ++........             (no amulet)
HPRegen  0.12/turn              t - +2 ring of protection
MPRegen  0.16/turn              e - ring of ice

@: no status effects
A: no striking features
a: Curse Item, Renounce Religion


You were on level 5 of the Dungeon.
You worshipped Ashenzari.
Ashenzari was noncommittal.
You were not hungry.

You visited 2 branches of the dungeon, and saw 7 of its levels.

You collected 165 gold pieces.

Inventory:

Hand Weapons
 p - a cursed +2 dagger of venom (weapon)
Armour
 a - a +0 robe (worn)
 b - a +0 hat (worn)
 o - a +0 cloak (worn)
 y - a +0 pair of gloves (worn)
 B - a cursed +0 pair of boots (worn)
Jewellery
 e - a ring of ice (right hand)
 t - a +2 ring of protection (left hand)
Scrolls
 f - a scroll of blinking {unknown}
 l - a scroll of immolation {unknown}
 m - 4 scrolls of teleportation
 q - a scroll of amnesia {unknown}
 r - a scroll of enchant armour {unknown}
 u - 5 scrolls of identify
 v - a scroll of fear {unknown}
Potions
 c - 2 potions of degeneration {unknown}
 h - 3 potions of mutation {unknown}
 j - 2 potions of lignification {unknown}
 n - 3 potions of curing {unknown}
 s - 3 potions of heal wounds {unknown}
 w - a potion of brilliance {unknown}
 x - a potion of agility {unknown}
 z - 2 potions of resistance {unknown}
Comestibles
 d - 7 rations


   Skills:
 - Level 2.4 Dodging
 - Level 2.4 Stealth
 - Level 6.4 Spellcasting
 * Level 6.8 Conjurations
 - Level 3.5 Summonings
 - Level 1.1 Translocations
 - Level 4.5 Fire Magic


You had 8 spell levels left.
You knew the following spells:

 Your Spells              Type           Power        Failure   Level  Hunger
a - Magic Dart            Conj           ####         1%          1    None
b - Call Imp              Summ           ####....     2%          2    None
c - Blink                 Tloc           N/A          7%          2    None
d - Slow                  Hex            #.......     11%         2    None
e - Conjure Flame         Conj/Fire      #####...     1%          3    None

Your spell library contained the following spells:

 Spells                   Type           Power        Failure   Level  Hunger
 Confusing Touch          Hex            #.....       7%          1    None
 Mephitic Cloud           Conj/Pois/Air  ###.....     9%          3    None
 Gell's Gravitas          Tloc           ##........   14%         3    None
 Confuse                  Hex            #.......     22%         3    None
 Petrify                  Tmut/Erth      #.......     56%         4    ###....
 Metabolic Englaciation   Hex/Ice        ##........   89%         5    #####..
 Yara's Violent Unravell  Hex/Tmut       #.........   89%         5    #####..


Dungeon Overview and Level Annotations

Branches:
Dungeon (6/15)             Temple (1/1) D:5

Altars:
Ashenzari
Cheibriados
Elyvilon
Gozag
Kikubaaqudgha
Nemelex Xobeh
Okawaru
Qazlal
Sif Muna
Uskayaw
Vehumet
Wu Jian
Zin


Message History

The orc priest hits you with a +0 flail!
* * * LOW HITPOINT WARNING * * *
Casting: Magic Dart (safe; 1% risk of failure)
Confirm with . or Enter, or press ? or * to list all spells.
Aiming: Magic Dart (safe; 1% risk of failure)
Press: ? - help, Shift-Dir - straight line, f/p - orc priest
Aim: an orc priest, wielding a +0 flail and wearing a +0 leather armour (heavily wounded)
The magic dart hits the orc priest.
The orc priest is heavily wounded.
The orc priest completely misses you.
Casting: Magic Dart (safe; 1% risk of failure)
Confirm with . or Enter, or press ? or * to list all spells.
Aiming: Magic Dart (safe; 1% risk of failure)
Press: ? - help, Shift-Dir - straight line, f/p - orc priest
Aim: an orc priest, wielding a +0 flail and wearing a +0 leather armour (heavily wounded)
The magic dart hits the orc priest.
The orc priest is severely wounded.
The orc priest calls down the wrath of Beogh upon you.
Beogh smites you!
You die...

#.#...#.....)....####.##.........
#.#...#...............###########
#.#...#..#####........# ########
#.##.##..# ##.......# #.......
#........# #.......# #.......
#####....# ##......# #.......
##### #.####.# #....... #o# #.#
#....... #@## #.####)...... #..#
#.##.'....).. ##.###.##.#####'##
###..##.##.##......
#........#.##......
#........#.##...>..
#........#'##......
#...........#......
#...........#######


You could see an orc priest.

Vanquished Creatures
  Menkaure (D:4)
  A sky beast (D:6)
  A phantom (D:5)
  2 ogres (D:5)
  Blork the orc (D:5)
  A crimson imp (D:5)
  Crazy Yiuf (D:2)
  Ijyb (D:5)
  3 worker ants (D:4)
  A statue (D:5)
  7 adders
  A shadow imp (D:5)
  An ooze (D:1)
  An adder zombie (D:5)
  An adder skeleton (D:4)
  4 worms
  2 dart slugs
  3 leopard geckos
  13 orcs
  3 giant cockroaches
  6 goblins
  7 hobgoblins
  16 jackals
  8 kobolds
  4 quokkas
  3 ball pythons
  10 bats
  3 frilled lizards
  6 rats
112 creatures vanquished.

Notes
Turn   | Place    | Note
-------+----------+-------------------------------------------
     0 | D:1      | Exodus22XD the Deep Elf Wizard began the quest for the Orb.
     0 | D:1      | Reached XP level 1. HP: 10/10 MP: 7/7
   115 | D:1      | Reached XP level 2. HP: 12/15 MP: 0/9
   860 | D:2      | Reached XP level 3. HP: 3/19 MP: 5/10
  1716 | D:2      | Reached XP level 4. HP: 21/24 MP: 6/12
  1815 | D:2      | Found a runed translucent door.
  1819 | D:2      | Learned a level 2 spell: Call Imp
  1822 | D:2      | Learned a level 2 spell: Blink
  1825 | D:2      | Learned a level 2 spell: Slow
  1829 | D:2      | Learned a level 3 spell: Conjure Flame
  1829 | D:2      | Noticed Crazy Yiuf
  1838 | D:2      | Killed Crazy Yiuf
  2032 | D:2      | Found a snail-covered altar of Cheibriados.
  2096 | D:2      | Reached skill level 5 in Conjurations
  2703 | D:3      | Reached XP level 5. HP: 26/28 MP: 8/13
  2826 | D:3      | Found a sparkling altar of Nemelex Xobeh.
  3644 | D:4      | Found an ancient bone altar of Kikubaaqudgha.
  3912 | D:4      | Noticed Menkaure
  3976 | D:4      | Killed Menkaure
  3976 | D:4      | Reached XP level 6. HP: 15/32 MP: 3/14
  4200 | D:5      | Entered Level 5 of the Dungeon
  4245 | D:5      | Found a radiant altar of Vehumet.
  4446 | D:5      | Noticed Ijyb
  4450 | D:5      | Found a stormy altar of Qazlal.
  4451 | D:5      | Noticed an air elemental
  4451 | D:5      | Noticed a fire elemental
  4451 | D:5      | Noticed a water elemental
  4670 | D:5      | Reached XP level 7. HP: 31/36 MP: 9/16
  4724 | D:5      | Noticed Blork the orc
  4733 | D:5      | Killed Blork the orc
  4733 | D:5      | Reached skill level 5 in Spellcasting
  4965 | D:5      | Found a staircase to the Ecumenical Temple.
  4998 | Temple   | Entered the Ecumenical Temple
  5042 | Temple   | Became a worshipper of Ashenzari the Shackled
  5227 | D:5      | Found a glowing silver altar of Zin.
  5264 | D:5      | Killed Ijyb
  5267 | D:5      | Killed from afar by an orc priest

Skill      XL: |  1  2  3  4  5  6  7 |
---------------+----------------------+-----
Conjurations   | 2 3 4 5 6 |  6.8
Summonings     | 3 |  3.5
Fire Magic     | 3 4 |  4.5
Spellcasting   | 6 |  6.4
Dodging        | |  2.4
Stealth        | |  2.4
Translocations | |  1.1

Action                   |  1- 3 |  4- 6 |  7- 9 || total
-------------------------+-------+-------+-------++-------
Melee: Dagger            |     1 |       |     3 ||     4
 Cast: Magic Dart        |    96 |   180 |    83 ||   359
       Conjure Flame     |       |     5 |     1 ||     6
       Blink             |       |     2 |       ||     2
       Slow              |       |     1 |     2 ||     3
       Call Imp          |       |     3 |       ||     3
Invok: Curse Item        |       |       |     1 ||     1
  Use: Scroll            |       |     2 |     1 ||     3
  Eat: Chunk             |     2 |     9 |     2 ||    13
Armor: Robe              |     3 |    15 |    13 ||    31
Dodge: Dodged            |    20 |    28 |     9 ||    57
